[Event "ICC tourney 2355 (60 10)"]
[Site "Internet Chess Club"]
[Date "2021.01.30"]
[Round "1"]
[White "cman-g"]
[Black "TajMateo"]
[Result "1-0"]
[ICCResult "Black checkmated"]
[WhiteElo "744"]
[BlackElo "1161"]
[Opening "Sicilian"]
[ECO "B53"]
[NIC "SI.01"]
[Time "10:13:10"]
[PlyCount "55"]
[TimeControl "3600+10"]

1. e4 c5 2. Nf3 d6 3. d4 Nc6 4. d5 Ne5 5. Nxe5 dxe5 6. Bc4 e6 7. O-O exd5
8. Bxd5 Nf6 9. Bxf7+ Ke7 10. Qxd8+ Kxd8 11. Rd1+ Ke7 12. Bd5 Bg4 13. f3 Bh5
14. Be3 Ke8 15. Bxb7 Rb8 16. Bc6+ Kf7 17. Bd5+ Ke8 18. b3 Be7 19. Nc3 c4
20. Bxc4 Bb4 21. Nb5 a5 22. Nc7+ Ke7 23. Nd5+ Nxd5 24. Rxd5 Bc3 25. Bc5+
Ke8 26. Rad1 Bf7 27. Bb5+ Rxb5 28. Rd8# { Black checkmated } 1-0

[Event "ICC tourney 2355 (60 10)"]
[Site "Internet Chess Club"]
[Date "2021.01.30"]
[Round "1"]
[White "AidanMc2013"]
[Black "ridikulous"]
[Result "0-1"]
[ICCResult "White checkmated"]
[WhiteElo "464"]
[BlackElo "1046"]
[Opening "Giuoco Piano"]
[ECO "C50"]
[NIC "IG.02"]
[Time "10:13:43"]
[PlyCount "106"]
[TimeControl "3600+10"]

1. e4 e5 2. Nf3 Nc6 3. Bc4 Bc5 4. O-O Nf6 5. Nc3 O-O 6. d3 d6 7. Be3 Bb6 8.
Bg5 Be6 9. Bd5 Rb8 10. Bxc6 bxc6 11. Qe2 d5 12. exd5 cxd5 13. Nxe5 Rb7 14.
Nb5 a6 15. Nc3 Bd4 16. Nc6 Bg4 17. Nxd8 Bxe2 18. Nxb7 Bxf1 19. Rxf1 Rb8 20.
Na5 Rxb2 21. Bxf6 Bxf6 22. Nxd5 Be5 23. Re1 f6 24. Ne7+ Kf7 25. Nd5 Rb5 26.
Nc6 Rxd5 27. Nxe5+ fxe5 28. Re3 Rb5 29. h4 Kf6 30. Re4 Rb2 31. Ra4 Rb1+ 32.
Kh2 Rb6 33. Rc4 c6 34. g4 Ke6 35. a4 Kd5 36. a5 Rb5 37. Rb4 Rxb4 38. c4+
Kd4 39. g5 Kxd3 40. h5 Rxc4 41. g6 Rh4+ 42. Kg3 Rxh5 43. Kg4 hxg6 44. Kg3
Ke4 45. f3+ Ke3 46. Kg2 Rh4 47. Kg3 Rf4 48. Kg2 Rxf3 49. Kg1 Rf2 50. Kh1
Ra2 51. Kg1 Kf3 52. Kh1 Kg3 53. Kg1 Ra1# { White checkmated } 0-1

[Event "ICC tourney 2355 (60 10)"]
[Site "Internet Chess Club"]
[Date "2021.01.30"]
[Round "1"]
[White "DavidNest"]
[Black "SRA0612"]
[Result "1-0"]
[ICCResult "Black checkmated"]
[WhiteElo "1229"]
[BlackElo "826"]
[Opening "Sicilian defense"]
[ECO "B44"]
[NIC "SI.39"]
[Time "10:12:56"]
[PlyCount "127"]
[TimeControl "3600+10"]

1. e4 c5 2. Nf3 Nc6 3. d4 cxd4 4. Nxd4 e6 5. Nxc6 bxc6 6. Be2 Nf6 7. Nc3
Bb4 8. Bg5 h6 9. Bxf6 Qxf6 10. Qd3 a5 11. Qe3 d6 12. O-O O-O 13. Na4 e5 14.
c3 Bc5 15. Nxc5 dxc5 16. Qxc5 Qg6 17. Bf3 Bh3 18. Qxe5 Rfe8 19. Qg3 Qxg3
20. fxg3 Bd7 21. Rad1 Be6 22. e5 Rac8 23. b3 Bf5 24. Rd6 c5 25. Ra6 Rxe5
26. Rxa5 Rce8 27. Kf2 Bd3 28. Rd1 Bc2 29. Rd2 Bg6 30. Re2 Rxe2+ 31. Bxe2
Re5 32. b4 Rf5+ 33. Kg1 cxb4 34. Rxf5 Bxf5 35. cxb4 Kf8 36. Kf2 Ke7 37. Kf3
Kd6 38. Bc4 f6 39. Kf4 g6 40. g4 Bd7 41. a3 g5+ 42. Kg3 Kc7 43. h4 Kb6 44.
b5 Bxb5 45. Bxb5 Kxb5 46. h5 Ka4 47. Kf3 Kxa3 48. Ke4 Kb4 49. Kf5 Kc5 50.
Kxf6 Kd5 51. Kg6 Ke6 52. Kxh6 Kf6 53. g3 Kf7 54. Kxg5 Kg7 55. Kf5 Kg8 56.
g5 Kg7 57. h6+ Kg8 58. Kf6 Kh7 59. g6+ Kg8 60. h7+ Kh8 61. g7+ Kxh7 62. Kf7
Kh6 63. g8=Q Kh5 64. Qg6# { Black checkmated } 1-0

[Event "ICC tourney 2355 (60 10)"]
[Site "Internet Chess Club"]
[Date "2021.01.30"]
[Round "1"]
[White "augustha"]
[Black "LeoNYC"]
[Result "1/2-1/2"]
[ICCResult "Game drawn by mutual agreement"]
[WhiteElo "624"]
[BlackElo "1145"]
[Opening "English: Bremen, Smyslov system"]
[ECO "A22"]
[NIC "EO.11"]
[Time "10:13:05"]
[PlyCount "101"]
[TimeControl "3600+10"]

1. c4 e5 2. Nc3 Nf6 3. g3 Bb4 4. Bg2 O-O 5. e3 Nc6 6. Nge2 d6 7. O-O Bg4 8.
h3 Bh5 9. a3 Ba5 10. b4 Bb6 11. b5 Na5 12. d3 a6 13. Qc2 Qd7 14. a4 axb5
15. axb5 Bc5 16. Ba3 Bxa3 17. Rxa3 Bg6 18. Qa2 Bxd3 19. Rxa5 Rxa5 20. Qxa5
Bxc4 21. Bxb7 Rb8 22. Bg2 Bxb5 23. Nxb5 Qxb5 24. Qxb5 Rxb5 25. Rc1 c5 26.
Nc3 Ra5 27. Nd5 Nxd5 28. Bxd5 h6 29. Kf1 c4 30. Bxc4 Rc5 31. e4 Kf8 32. Ke2
f5 33. Kd3 fxe4+ 34. Kc3 d5 35. Kb4 Rxc4+ 36. Rxc4 dxc4 37. Kxc4 Kf7 38.
Kd5 Kf6 39. Kxe4 g6 40. f3 g5 41. f4 exf4 42. gxf4 h5 43. fxg5+ Kxg5 44.
Kf3 Kh4 45. Kg2 Kg5 46. Kg3 h4+ 47. Kg2 Kg6 48. Kf3 Kf5 49. Kg2 Ke4 50. Kf2
Kf4 51. Kg2 { Game drawn by mutual agreement } 1/2-1/2

[Event "ICC tourney 2355 (60 10)"]
[Site "Internet Chess Club"]
[Date "2021.01.30"]
[Round "1"]
[White "AarushB"]
[Black "smashattack"]
[Result "0-1"]
[ICCResult "White checkmated"]
[WhiteElo "932"]
[BlackElo "1451"]
[Opening "Sicilian: closed"]
[ECO "B23"]
[NIC "SI.44"]
[Time "10:13:02"]
[PlyCount "84"]
[TimeControl "3600+10"]

1. e4 c5 2. Nc3 e6 3. g3 Nc6 4. f4 d5 5. Nf3 dxe4 6. Nxe4 Nf6 7. Nxf6+ Qxf6
8. d3 Bd6 9. Be2 O-O 10. O-O b6 11. Qe1 Bb7 12. Ng5 Nd4 13. c3 Nc2 14. Qd2
Nxa1 15. Ne4 Bxe4 16. dxe4 Rfd8 17. e5 Bxe5 18. fxe5 Rxd2 19. exf6 Rxe2 20.
fxg7 Kxg7 21. Rf2 Rxf2 22. Kxf2 Rd8 23. Ke2 f5 24. Bg5 Rd7 25. Bf4 Kf6 26.
h4 Nc2 27. Bg5+ Kg6 28. Bd2 e5 29. Kd1 Ne3+ 30. Ke2 Nc4 31. Bg5 Nxb2 32.
Bc1 Nc4 33. a4 e4 34. a5 bxa5 35. g4 a4 36. gxf5+ Kxf5 37. h5 a3 38. Bxa3
Nxa3 39. h6 Kf4 40. c4 Nxc4 41. Ke1 Kf3 42. Kf1 Rd1# { White checkmated }
0-1

[Event "ICC tourney 2355 (60 10)"]
[Site "Internet Chess Club"]
[Date "2021.01.30"]
[Round "1"]
[White "petitejudo"]
[Black "littleknightie"]
[Result "0-1"]
[ICCResult "White checkmated"]
[WhiteElo "1162"]
[BlackElo "753"]
[Opening "KGA: Schallop defense"]
[ECO "C34"]
[NIC "KG.02"]
[Time "10:13:08"]
[PlyCount "94"]
[TimeControl "3600+10"]

1. e4 e5 2. f4 exf4 3. Nf3 Nf6 4. Nc3 Nc6 5. d4 d5 6. e5 Ne4 7. a3 Be7 8.
Bxf4 Bf5 9. Bd3 Qd7 10. O-O O-O 11. Re1 Nxc3 12. bxc3 Bg4 13. Rf1 f6 14.
Be2 fxe5 15. Nxe5 Nxe5 16. Bxe5 Bxe2 17. Qxe2 Rae8 18. Rxf8+ Bxf8 19. Qh5
Re7 20. Rf1 Rf7 21. Rxf7 Qxf7 22. Qxf7+ Kxf7 23. Bxc7 Bxa3 24. Ba5 b6 25.
Bb4 Bxb4 26. cxb4 Ke6 27. Kf2 Kf5 28. Ke3 Kg4 29. Kd3 Kf4 30. c4 b5 31.
cxb5 g5 32. Kc3 Ke3 33. b6 axb6 34. g3 g4 35. b5 h5 36. Kc2 Kxd4 37. Kd2
Ke4 38. Ke2 Kd4 39. Kd2 Kc4 40. Kc2 d4 41. Kd2 d3 42. Kd1 Kc3 43. Kc1 d2+
44. Kd1 Kd3 45. h4 gxh3 46. g4 h2 47. gxh5 h1=Q# { White checkmated } 0-1

[Event "ICC tourney 2355 (60 10)"]
[Site "Internet Chess Club"]
[Date "2021.01.30"]
[Round "1"]
[White "EricCheng-131"]
[Black "Leochess2020"]
[Result "1-0"]
[ICCResult "Black resigns"]
[WhiteElo "1373"]
[BlackElo "894"]
[Opening "Sicilian: modern Scheveningen"]
[ECO "B58"]
[NIC "SI.22"]
[Time "10:13:43"]
[PlyCount "117"]
[TimeControl "3600+10"]

1. e4 c5 2. Nf3 d6 3. d4 cxd4 4. Nxd4 Nf6 5. Nc3 Nc6 6. Be2 e6 7. O-O Be7
8. Be3 O-O 9. Nf3 Qc7 10. Qd2 Bd7 11. Rad1 a6 12. Na4 Nxe4 13. Qd3 Nf6 14.
Nb6 Rab8 15. Ng5 h6 16. Nxd7 Qxd7 17. Ne4 Nxe4 18. Qxe4 f5 19. Qf3 Rbc8 20.
Qg3 Kh7 21. h4 Rf6 22. h5 Rcf8 23. f4 Qe8 24. Bf3 Kg8 25. Bxc6 bxc6 26. Bd4
R6f7 27. Qg6 Bd8 28. Rf3 Bf6 29. Bxf6 Rxf6 30. Qxe8 Rxe8 31. Rxd6 e5 32.
fxe5 Rxe5 33. Rxf6 gxf6 34. Ra3 a5 35. Rc3 c5 36. Rc4 Kf7 37. Ra4 Re2 38.
c3 Rxb2 39. Rxa5 c4 40. Rxf5 Rxa2 41. Rc5 Ra4 42. Kf2 Ke6 43. Ke3 Ra2 44.
g4 Ra4 45. Kd4 Ra1 46. Rxc4 Rg1 47. Kc5 Ke5 48. Kb6 Rb1+ 49. Rb4 Rc1 50. c4
Kd6 51. Kb7 Kc5 52. Rb6 Rxc4 53. Rc6+ Kd5 54. Rxc4 Kxc4 55. Kc6 Kd4 56. Kd6
Ke4 57. Ke6 Kf4 58. Kxf6 Kxg4 59. Kg6 { Black resigns } 1-0

[Event "ICC tourney 2355 (60 10)"]
[Site "Internet Chess Club"]
[Date "2021.01.30"]
[Round "1"]
[White "Hillel-2012"]
[Black "hannahchan"]
[Result "0-1"]
[ICCResult "White checkmated"]
[WhiteElo "110"]
[BlackElo "961"]
[Opening "Petrov: classical attack"]
[ECO "C42"]
[NIC "RG.04"]
[Time "10:12:57"]
[PlyCount "104"]
[TimeControl "3600+10"]

1. e4 e5 2. Nf3 Nf6 3. Nxe5 d6 4. Nf3 Nxe4 5. d4 Qe7 6. Qe2 Nf6 7. Bg5
Qxe2+ 8. Bxe2 Be7 9. Bxf6 Bxf6 10. O-O O-O 11. Nc3 Bf5 12. Rac1 Nc6 13. d5
Ne5 14. Nxe5 Bxe5 15. f4 Bd4+ 16. Kh1 Rfe8 17. Bf3 Be3 18. Rce1 Bxf4 19.
Bd1 Rxe1 20. Rxe1 Be5 21. Rf1 Bg6 22. Nb5 Bxb2 23. Nxc7 Rc8 24. Nb5 Bxc2
25. Bxc2 Rxc2 26. Re1 h6 27. Nxd6 Bc3 28. Rf1 Rd2 29. Nxf7 Rxd5 30. g3 Bf6
31. Nxh6+ Kh7 32. Ng4 Bg5 33. Rf7 Rb5 34. h4 Bd8 35. Rd7 Ba5 36. Nf6+ Kg6
37. Ne8 Bc3 38. Nd6 Rb1+ 39. Kg2 Rb2+ 40. Kh3 Rxa2 41. Rxb7 Be5 42. Ne4 Ra4
43. Nf2 Ra2 44. Ng4 Bd6 45. h5+ Kh7 46. Nf6+ Kh6 47. Rd7 gxf6 48. Rxd6 Kxh5
49. Rxf6 Kg5 50. Rf4 Ra6 51. Rg4+ Kf5 52. Kh4 Rh6# { White checkmated } 0-1

[Event "ICC tourney 2355 (60 10)"]
[Site "Internet Chess Club"]
[Date "2021.01.30"]
[Round "1"]
[White "czw1"]
[Black "SpeyerZivaM"]
[Result "1-0"]
[ICCResult "Black checkmated"]
[WhiteElo "1360"]
[BlackElo "866"]
[Opening "Sicilian: Grand Prix attack"]
[ECO "B23"]
[NIC "SI.44"]
[Time "10:12:50"]
[PlyCount "51"]
[TimeControl "3600+10"]

1. e4 c5 2. Nc3 Nc6 3. f4 g6 4. Nf3 Bg7 5. Bb5 a6 6. Bxc6 dxc6 7. O-O Nf6
8. d3 O-O 9. Qe1 Qd7 10. Na4 Qg4 11. Nxc5 Nh5 12. Ne5 Bxe5 13. fxe5 f6 14.
Bh6 e6 15. Bxf8 Nf4 16. Rxf4 Qxf4 17. Bd6 b6 18. Na4 Ra7 19. Nxb6 Bb7 20.
Bb8 Ra8 21. Nxa8 Bxa8 22. Qf2 Qg5 23. exf6 Kf8 24. Bd6+ Kf7 25. Qa7+ Ke8
26. Qe7# { Black checkmated } 1-0

[Event "ICC tourney 2355 (60 10)"]
[Site "Internet Chess Club"]
[Date "2021.01.30"]
[Round "1"]
[White "AriWinsU"]
[Black "NYHernandez"]
[Result "1-0"]
[ICCResult "Black checkmated"]
[WhiteElo "868"]
[BlackElo "1367"]
[Opening "Queen's pawn: London system"]
[ECO "A45"]
[NIC "QP.07"]
[Time "10:13:01"]
[PlyCount "147"]
[TimeControl "3600+10"]

1. d4 Nf6 2. Bf4 d5 3. e3 c5 4. c4 Nc6 5. Nf3 Qa5+ 6. Nc3 Ne4 7. Qa4 Nxc3
8. Qxa5 Nxa5 9. bxc3 Nxc4 10. Bxc4 dxc4 11. Ne5 cxd4 12. cxd4 b5 13. Rb1 f6
14. Nf3 Ba6 15. O-O b4 16. Rxb4 e5 17. Ra4 Bb5 18. Ra5 exf4 19. Rxb5 fxe3
20. fxe3 c3 21. Rc1 Rc8 22. Rb3 c2 23. Ne1 a5 24. Rxc2 Rxc2 25. Nxc2 Kf7
26. Rb8 Rg8 27. Rb5 a4 28. Ra5 a3 29. Nxa3 Bxa3 30. Rxa3 Ke6 31. Kf2 Rc8
32. Ra7 Rc2+ 33. Kf3 g5 34. a4 h5 35. a5 f5 36. h3 g4+ 37. hxg4 fxg4+ 38.
Kg3 Kf5 39. Rh7 Kg6 40. Re7 Kf6 41. Re5 h4+ 42. Kxg4 Rxg2+ 43. Kxh4 Rh2+
44. Kg3 Re2 45. Kf4 Rf2+ 46. Ke4 Rf1 47. d5 Ra1 48. Re6+ Kf7 49. a6 Kg7 50.
Re7+ Kf8 51. Ra7 Ke8 52. Ra8+ Kd7 53. a7 Kc7 54. Ke5 Kb7 55. Re8 Kxa7 56.
d6 Ra5+ 57. Ke6 Ra6 58. Ke7 Ra3 59. d7 Rxe3+ 60. Kf6 Rd3 61. d8=Q Rxd8 62.
Rxd8 Kb6 63. Ke6 Kc5 64. Rd5+ Kc4 65. Ke5 Kb4 66. Kd4 Kb3 67. Rc5 Kb4 68.
Kd5 Kb3 69. Rc4 Ka3 70. Kd4 Kb3 71. Kd3 Kb2 72. Rc3 Ka2 73. Kc2 Ka1 74.
Ra3# { Black checkmated } 1-0

[Event "ICC tourney 2355 (60 10)"]
[Site "Internet Chess Club"]
[Date "2021.01.30"]
[Round "1"]
[White "DiamondUnicorn"]
[Black "LH2013"]
[Result "0-1"]
[ICCResult "White forfeits on time"]
[WhiteElo "1149"]
[BlackElo "735"]
[Opening "English: three knights system"]
[ECO "A27"]
[NIC "EO.21"]
[Time "10:12:58"]
[PlyCount "72"]
[TimeControl "3600+10"]

1. c4 e5 2. Nc3 Nc6 3. Nf3 Bb4 4. g3 Nf6 5. d3 d6 6. Bg2 Be6 7. O-O Bxc3 8.
bxc3 O-O 9. Bd2 Qd7 10. Rb1 Rab8 11. Qc2 e4 12. Ng5 exd3 13. exd3 Bf5 14.
Ne4 Nxe4 15. dxe4 Bg6 16. Qd3 Ne5 17. Qe2 f5 18. exf5 Bxf5 19. Bd5+ Kh8 20.
f4 Bxb1 21. Rxb1 Nc6 22. Qd3 Ne7 23. Be4 Ng6 24. Bxg6 hxg6 25. Qxg6 Qf5 26.
Qxf5 Rxf5 27. Be3 b6 28. Kg2 Re8 29. Kf3 g5 30. Re1 Kh7 31. h4 gxf4 32.
gxf4 Ra5 33. Re2 Kg6 34. Rg2+ Kh5 35. Rg7 c5 36. f5 Rh8 { White forfeits on
time } 0-1

[Event "ICC tourney 2355 (60 10)"]
[Site "Internet Chess Club"]
[Date "2021.01.30"]
[Round "1"]
[White "siddharthbose"]
[Black "CaptainAL13"]
[Result "0-1"]
[ICCResult "White checkmated"]
[WhiteElo "1232"]
[BlackElo "834"]
[Opening "Giuoco Pianissimo: Italian four knights variation"]
[ECO "C25"]
[NIC "VG.04"]
[Time "10:12:55"]
[PlyCount "158"]
[TimeControl "3600+10"]

1. e4 e5 2. Nc3 Nc6 3. Bc4 Bc5 4. Nf3 Nf6 5. d3 h6 6. O-O d6 7. h3 g5 8.
Nh2 Bd7 9. Be3 Bb6 10. a3 Qe7 11. b4 O-O-O 12. Bxb6 cxb6 13. Rb1 h5 14. a4
g4 15. h4 Nd4 16. g3 Nh7 17. Nd5 Qe8 18. b5 f5 19. exf5 Bxf5 20. c3 Ne6 21.
Ne3 Bg6 22. Bxe6+ Qxe6 23. a5 bxa5 24. b6 a6 25. Nc4 Qd5 26. Nb2 e4 27. c4
Qd4 28. dxe4 Qxd1 29. Rbxd1 Bxe4 30. Ra1 a4 31. Rxa4 Rhf8 32. c5 Bc6 33.
Raa1 d5 34. Nd3 Bb5 35. Rfd1 Nf6 36. Nf4 Rfe8 37. Re1 d4 38. Rxe8 Rxe8 39.
Rd1 a5 40. Rxd4 Re1+ 41. Kg2 Bc6+ 42. f3 gxf3+ 43. Nxf3 Re3 44. Rd3 Bxf3+
45. Kf2 Rxd3 46. Nxd3 Bg4 47. Nb2 Kd7 48. Ke3 Kc6 49. Kd4 Nd7 50. Nd3 Bf5
51. Nf4 Bg4 52. Nd3 a4 53. Nf2 Nxc5 54. Nxg4 hxg4 55. h5 Ne6+ 56. Kc3 Kb5
57. h6 Ng5 58. Kb2 Kxb6 59. Ka3 Ka5 60. Kb2 b5 61. Ka1 b4 62. Kb1 a3 63.
Ka1 Ka4 64. Kb1 b3 65. Ka1 a2 66. Kb2 a1=Q+ 67. Kxa1 Ka3 68. Kb1 b2 69. h7
Nxh7 70. Kc2 Ka2 71. Kc3 b1=Q 72. Kd2 Kb3 73. Ke2 Qe4+ 74. Kf2 Kc3 75. Kg1
Kd3 76. Kh2 Qe2+ 77. Kh1 Ng5 78. Kg1 Nf3+ 79. Kh1 Qh2# { White checkmated }
0-1

[Event "ICC tourney 2355 (60 10)"]
[Site "Internet Chess Club"]
[Date "2021.01.30"]
[Round "2"]
[White "c30mw"]
[Black "chessburger0220"]
[Result "0-1"]
[ICCResult "White checkmated"]
[WhiteElo "112"]
[BlackElo "1096"]
[Opening "Two knights defense"]
[ECO "C57"]
[NIC "KP.01"]
[Time "13:01:41"]
[PlyCount "20"]
[TimeControl "3600+10"]

1. e4 e5 2. Bc4 Nc6 3. Nf3 Nf6 4. Ng5 d5 5. Bxd5 Nxd5 6. exd5 Qxg5 7. dxc6
bxc6 8. d4 Qxg2 9. Rf1 Ba6 10. Bd2 Qxf1# { White checkmated } 0-1

[Event "ICC tourney 2355 (60 10)"]
[Site "Internet Chess Club"]
[Date "2021.01.30"]
[Round "2"]
[White "TajMateo"]
[Black "akhan123"]
[Result "1-0"]
[ICCResult "Black checkmated"]
[WhiteElo "1161"]
[BlackElo "764"]
[Opening "KGD: Falkbeer counter-gambit"]
[ECO "C31"]
[NIC "KG.04"]
[Time "13:01:52"]
[PlyCount "35"]
[TimeControl "3600+10"]

1. e4 e5 2. f4 d5 3. fxe5 dxe4 4. Nc3 Bf5 5. d3 exd3 6. Bxd3 Bxd3 7. Qxd3
Nd7 8. Nf3 Bb4 9. O-O Ne7 10. Rd1 h6 11. Bf4 c6 12. e6 fxe6 13. Ne5 Nd5 14.
Nxd5 exd5 15. Qg6+ Ke7 16. Qf7+ Kd6 17. Nd3+ Ne5 18. Bxe5# { Black
checkmated } 1-0

[Event "ICC tourney 2355 (60 10)"]
[Site "Internet Chess Club"]
[Date "2021.01.30"]
[Round "2"]
[White "kevinxps10"]
[Black "AndyHeffernan"]
[Result "1-0"]
[ICCResult "Black resigns"]
[WhiteElo "995"]
[BlackElo "620"]
[Opening "French defense"]
[ECO "C00"]
[NIC "FR.01"]
[Time "13:01:45"]
[PlyCount "75"]
[TimeControl "3600+10"]

1. e4 e6 2. Nf3 d5 3. exd5 exd5 4. d4 Nf6 5. Nc3 Bb4 6. Bd2 Nc6 7. Bb5 Bd7
8. a3 Ba5 9. b4 Bb6 10. Bxc6 Bxc6 11. a4 a5 12. b5 Bd7 13. Qe2+ Be6 14. Ng5
Qd7 15. Nxe6 fxe6 16. Qe3 Ng4 17. Qg3 e5 18. dxe5 Nxf2 19. Rf1 O-O 20. Be3
Bxe3 21. Qxe3 Ng4 22. Rxf8+ Rxf8 23. Qd4 Re8 24. O-O-O Nxe5 25. Nxd5 c6 26.
Nf6+ gxf6 27. Qxd7 Nxd7 28. Rxd7 cxb5 29. Rxb7 bxa4 30. Ra7 Re5 31. Kb2 Kf8
32. Rxh7 Re2 33. g3 Re8 34. Rh8+ Kf7 35. Rxe8 Kxe8 36. h4 Kf7 37. c4 Kg6
38. c5 { Black resigns } 1-0

[Event "ICC tourney 2355 (60 10)"]
[Site "Internet Chess Club"]
[Date "2021.01.30"]
[Round "2"]
[White "ArtMan2030"]
[Black "SKH2011"]
[Result "1-0"]
[ICCResult "Black checkmated"]
[WhiteElo "1168"]
[BlackElo "777"]
[Opening "Queen's pawn, Mason variation"]
[ECO "D00"]
[NIC "QP.08"]
[Time "13:01:43"]
[PlyCount "85"]
[TimeControl "3600+10"]

1. d4 d5 2. Bf4 Nc6 3. Nf3 Nf6 4. e3 Bf5 5. c4 e6 6. Nc3 Bb4 7. Be2 Ne4 8.
Qb3 O-O 9. O-O Rb8 10. Rac1 dxc4 11. Bxc4 Nxc3 12. bxc3 Bd6 13. Bxd6 Qxd6
14. Qd1 Qe7 15. Re1 Qf6 16. e4 Bg4 17. Bd3 e5 18. d5 Bxf3 19. Qxf3 Qxf3 20.
gxf3 Ne7 21. c4 Rbd8 22. Red1 Rd6 23. c5 Rg6+ 24. Kh1 c6 25. d6 Nc8 26. d7
Ne7 27. Bc4 Rd8 28. Rd2 b6 29. cxb6 axb6 30. Ba6 Rg5 31. Bb7 c5 32. Rc3 f5
33. Ra3 fxe4 34. Ra8 Rxa8 35. Bxa8 Kf7 36. d8=Q exf3 37. Bd5+ Kf6 38. Qf8+
Kg6 39. Qxe7 h6 40. Bf7+ Kh7 41. Qf8 Rg1+ 42. Kxg1 g6 43. Qg8# { Black
checkmated } 1-0

[Event "ICC tourney 2355 (60 10)"]
[Site "Internet Chess Club"]
[Date "2021.01.30"]
[Round "2"]
[White "mrforkydude"]
[Black "C31chessP"]
[Result "1-0"]
[ICCResult "Black checkmated"]
[WhiteElo "1224"]
[BlackElo "955"]
[Opening "Caro-Kann: two knights variation"]
[ECO "B11"]
[NIC "CK.01"]
[Time "13:02:06"]
[PlyCount "65"]
[TimeControl "3600+10"]

1. e4 c6 2. Nc3 d5 3. Nf3 dxe4 4. Nxe4 Bf5 5. Ng3 Bg6 6. h4 h6 7. Ne5 Bh7
8. Qh5 g6 9. Bc4 e6 10. Qe2 Bg7 11. Nxf7 Qe7 12. Nxh8 Bxh8 13. Qxe6 Qxe6+
14. Bxe6 Na6 15. a3 Ne7 16. O-O Bf6 17. h5 gxh5 18. Nxh5 Be5 19. Re1 Bd6
20. Nf6+ Kd8 21. Nxh7 Nc5 22. Nf6 Nxe6 23. Rxe6 Bc7 24. b3 Rc8 25. Bb2 b5
26. Rae1 Rb8 27. Rxe7 Kc8 28. Rd7 Kb7 29. Ree7 Rc8 30. Be5 Ka8 31. Bxc7 b4
32. Bd6 bxa3 33. Rxa7# { Black checkmated } 1-0

[Event "ICC tourney 2355 (60 10)"]
[Site "Internet Chess Club"]
[Date "2021.01.30"]
[Round "2"]
[White "bananaplaychess"]
[Black "ClarkSps77"]
[Result "0-1"]
[ICCResult "White resigns"]
[WhiteElo "610"]
[BlackElo "961"]
[Opening "QGD: Chigorin defense"]
[ECO "D07"]
[NIC "QP.08"]
[Time "13:01:54"]
[PlyCount "66"]
[TimeControl "3600+10"]

1. d4 d5 2. c4 Nc6 3. Nf3 Nf6 4. Bf4 Bg4 5. h3 Bxf3 6. exf3 e6 7. Be2 Bb4+
8. Nc3 h6 9. O-O O-O 10. Re1 Qd7 11. Qc2 Bxc3 12. bxc3 dxc4 13. Bxc4 a6 14.
Rab1 b6 15. Bd3 Rae8 16. Be4 Nxe4 17. fxe4 f5 18. e5 Re7 19. Rbd1 a5 20.
Qb3 Ra8 21. Qc4 a4 22. d5 Na5 23. Qb4 exd5 24. g4 fxg4 25. hxg4 Qxg4+ 26.
Kf1 Nc6 27. Qb5 Qxf4 28. Qxc6 Qc4+ 29. Qxc4 dxc4 30. e6 Rae8 31. Rd7 Rxe6
32. Rd8 Rxe1+ 33. Kg2 Rxd8 { White resigns } 0-1

[Event "ICC tourney 2355 (60 10)"]
[Site "Internet Chess Club"]
[Date "2021.01.30"]
[Round "2"]
[White "OliverLam"]
[Black "liuo30"]
[Result "1-0"]
[ICCResult "Black checkmated"]
[WhiteElo "317"]
[BlackElo "831"]
[Opening "Four knights: Italian variation"]
[ECO "C55"]
[NIC "IG.01"]
[Time "13:02:05"]
[PlyCount "51"]
[TimeControl "3600+10"]

1. e4 e5 2. Nf3 Nc6 3. Bc4 Nf6 4. Nc3 Bb4 5. d3 Bxc3+ 6. bxc3 d5 7. exd5
Nxd5 8. Bd2 Be6 9. O-O Na5 10. Nxe5 Nxc4 11. Nxc4 Nf6 12. Re1 O-O 13. Rb1
b6 14. Qf3 Bd5 15. Qg3 Nh5 16. Qg4 g6 17. Bg5 Nf6 18. Qh4 Bxc4 19. dxc4 Qd2
20. Bxd2 Ne4 21. Rxe4 Rae8 22. Rxe8 Rxe8 23. Qf6 Re2 24. Bh6 Re1+ 25. Rxe1
g5 26. Re8# { Black checkmated } 1-0

[Event "ICC tourney 2355 (60 10)"]
[Site "Internet Chess Club"]
[Date "2021.01.30"]
[Round "2"]
[White "GabrielLoshak"]
[Black "zgregor"]
[Result "0-1"]
[ICCResult "White checkmated"]
[WhiteElo "517"]
[BlackElo "910"]
[Opening "French defense"]
[ECO "C00"]
[NIC "FR.01"]
[Time "13:02:46"]
[PlyCount "46"]
[TimeControl "3600+10"]

1. e4 e6 2. Bd3 d5 3. f3 Qg5 4. Bb5+ c6 5. d4 Qd8 6. Bd3 c5 7. dxc5 Bxc5 8.
exd5 exd5 9. Nc3 Be6 10. Bb5+ Nc6 11. Nge2 Nf6 12. Nf4 O-O 13. Qe2 Re8 14.
Be3 Bxe3 15. Qxe3 Bd7 16. Bxc6 Bxc6 17. O-O Rxe3 18. Rae1 Rxe1 19. Rxe1 Qd6
20. Re7 Qxe7 21. Nfe2 d4 22. Nd1 Qxe2 23. Nf2 Qe1# { White checkmated } 0-1

[Event "ICC tourney 2355 (60 10)"]
[Site "Internet Chess Club"]
[Date "2021.01.30"]
[Round "2"]
[White "mvasilyev"]
[Black "avs12"]
[Result "0-1"]
[ICCResult "White checkmated"]
[WhiteElo "402"]
[BlackElo "839"]
[Opening "Giuoco Piano"]
[ECO "C54"]
[NIC "IG.02"]
[Time "13:01:55"]
[PlyCount "54"]
[TimeControl "3600+10"]

1. e4 e5 2. Nf3 Nc6 3. Bc4 Bc5 4. c3 Nf6 5. d3 O-O 6. O-O d6 7. Bg5 h6 8.
Bd2 Bg4 9. h3 Be6 10. Bxe6 fxe6 11. Be3 Bb6 12. Bxb6 axb6 13. Qb3 d5 14.
exd5 Nxd5 15. c4 Nf4 16. Nbd2 Qf6 17. Ne4 Qg6 18. Ng3 Nxh3+ 19. gxh3 Rxf3
20. Qd1 Rxd3 21. Qe2 Nd4 22. Qxe5 Nf3+ 23. Kg2 Nxe5 24. Rfe1 Nxc4 25. Re4
Rxg3+ 26. Kf1 Rg1+ 27. Ke2 Qxe4# { White checkmated } 0-1

[Event "ICC tourney 2355 (60 10)"]
[Site "Internet Chess Club"]
[Date "2021.01.30"]
[Round "2"]
[White "littleknightie"]
[Black "Finemerryjuice"]
[Result "0-1"]
[ICCResult "White checkmated"]
[WhiteElo "753"]
[BlackElo "1186"]
[Opening "Caro-Kann: advance variation"]
[ECO "B12"]
[NIC "CK.02"]
[Time "13:01:53"]
[PlyCount "76"]
[TimeControl "3600+10"]

1. e4 c6 2. d4 d5 3. e5 c5 4. c3 Nc6 5. Nf3 Bf5 6. Bf4 Qb6 7. b3 e6 8. Bd3
Bg4 9. h3 Bxf3 10. Qxf3 cxd4 11. cxd4 Qxd4 12. Nc3 Qxc3+ 13. Ke2 Nd4+ 14.
Ke3 Nxf3 15. gxf3 Bc5+ 16. Ke2 Qb2+ 17. Kd1 Qxa1+ 18. Bc1 Ba3 19. Kd2 Qxa2+
20. Bc2 Bxc1+ 21. Rxc1 Ne7 22. f4 O-O 23. h4 Qa5+ 24. Ke2 Rac8 25. h5 Qb5+
26. Kd2 Nf5 27. Rh1 Rxc2+ 28. Kxc2 Qe2+ 29. Kb1 Nd4 30. Rc1 Qd3+ 31. Ka2
Qxb3+ 32. Ka1 Nc2+ 33. Rxc2 Qxc2 34. f3 Rc8 35. h6 Qc1+ 36. Ka2 Rc2+ 37.
Kb3 Qb1+ 38. Ka4 Ra2# { White checkmated } 0-1

[Event "ICC tourney 2355 (60 10)"]
[Site "Internet Chess Club"]
[Date "2021.01.30"]
[Round "2"]
[White "tinyattacker"]
[Black "julians2012"]
[Result "1-0"]
[ICCResult "Black checkmated"]
[WhiteElo "1216"]
[BlackElo "750"]
[Opening "KP: Nimzovich defense"]
[ECO "B00"]
[NIC "VO.04"]
[Time "13:02:34"]
[PlyCount "75"]
[TimeControl "3600+10"]

1. e4 Nc6 2. d4 e6 3. Nf3 d5 4. exd5 exd5 5. Nc3 Bf5 6. Bb5 Nf6 7. Ne5 Bd7
8. Nxd7 Qxd7 9. Bf4 a6 10. Ba4 b5 11. Bb3 Be7 12. O-O O-O 13. a3 Rac8 14.
Be5 Nxe5 15. dxe5 Ng4 16. Nxd5 Kh8 17. Nxe7 Qxe7 18. Qxg4 Qxe5 19. c3 f5
20. Qd4 Qe2 21. c4 bxc4 22. Bxc4 Qe7 23. Bxa6 c5 24. Qe3 Qa7 25. Bxc8 Rxc8
26. Rfe1 Qf7 27. Qe7 Qg8 28. Rad1 h6 29. Rd6 Qa2 30. Rd7 Qxb2 31. Rd8+ Rxd8
32. Qxd8+ Kh7 33. Qd5 Qc2 34. a4 c4 35. a5 Qc3 36. Qxf5+ g6 37. Re7+ Kh8
38. Qf8# { Black checkmated } 1-0